 Dungeon Crawl Stone Soup version 0.31-a0-1144-g99969ba1bc (webtiles) character file.

Game seed: 1924909004860821801

253 Milesaru the Grave Robber (level 5, -5/35 HPs)
             Began as a Vampire Necromancer on Dec 6, 2023.
             Killed by divine providence
             ... invoked by an orc priest
              (11 damage)
             ... on level 4 of the Dungeon.
             The game lasted 00:13:33 (3025 turns).

Milesaru the Grave Robber (Vampire Necromancer)     Turns: 3025, Time: 00:13:33

Health: -5/35      AC:  3    Str:  7    XL:     5   Next: 90%
Magic:  0/10       EV: 27    Int: 20    God:
Gold:   151        SH:  0    Dex: 14    Spells: 3/11 levels left

rFire   . . .        n - staff of death
rCold   . . .        (no shield)
rNeg    + . .        a - +0 robe
rPois   .            (no helmet)
rElec   .            (no cloak)
rCorr   .            m - +0 pair of gloves
SInv    +            (no boots)
Will    .....        o - amulet of the acrobat
Stlth   +++          (no ring)
HPRegen 0.45/turn    (no ring)
MPRegen 0.12/turn

%: acrobat
@: acrobatic, healing quickly
A: alive, fangs 3, see invisible, vampiric 2
a: Exsanguinate


You were on level 4 of the Dungeon.
You visited 1 branch of the dungeon, and saw 4 of its levels.

You collected 151 gold pieces.

Inventory:

Hand Weapons
 c - a +1 dagger
Armour
 a - a +0 robe (worn)
 m - a +0 pair of gloves (worn)
Magical Staves
 n - a staff of death (weapon)
Jewellery
 o - an amulet of the acrobat (around neck)
 p - an amulet of the acrobat
Scrolls
 d - 2 scrolls of immolation
 f - 2 scrolls of vulnerability
 j - 2 scrolls of teleportation
 q - a scroll of identify
Potions
 b - a potion of magic
 e - a potion of cancellation {unknown}
 g - a potion of mutation {unknown}
 h - 2 potions of haste {unknown}
 i - 2 potions of heal wounds {unknown}
 k - 2 potions of curing {unknown}
 l - a potion of attraction {unknown}


   Skills:
 + Level 2.5 Dodging
 * Level 4.1 Stealth
 + Level 3.5 Spellcasting
 * Level 6.6 Necromancy


You had 3 spell levels left.
You knew the following spells:

 Your Spells              Type           Power      Damage    Failure   Level
a - Necrotise             Necr           100%       1d9       1%          1
b - Vampiric Draining     Necr           44%        2d9       2%          3
c - Animate Dead          Necr           44%        N/A       9%          4

Your spell library contained the following spells:

 Spells                   Type           Power      Damage    Failure   Level
 Lesser Beckoning         Tloc           6%         N/A       21%         2
 Gell's Gravitas          Tloc           3%         N/A       38%         3
 Teleport Other           Tloc           3%         N/A       38%         3
 Agony                    Necr           44%        N/A       26%         5


Dungeon Overview and Level Annotations

Branches:
Dungeon (4/15)
 Temple: D:4-7

Altars:
Okawaru

Shops:
D:2 :


Innate Abilities, Weirdness & Mutations

Your natural rate of healing is accelerated.
You have razor-sharp teeth.
You have supernaturally acute eyesight. (SInv)
You are afflicted with vampirism and can become a bat while bloodless.


Message History

Your hound skeleton bites the orc but does no damage.
The orc attacks as it pursues you! The orc completely misses you.
There is an open door here.
You close the door.
Something hits your hound skeleton.
Your hound skeleton bites the orc but does no damage.
You feel a surge of power!
The orc writhes in agony.
Your hound skeleton bites the orc.
The orc hits your hound skeleton with a +0 trident!
Your hound skeleton bites the orc but does no damage.
You feel a surge of power!
The orc writhes in agony!
You kill the orc!
The dead are walking!
Your hound skeleton misses the orc priest.
Your hound skeleton closely misses the orc priest.
The orc priest invokes the aid of Beogh against you.
Beogh smites you!
Your hound skeleton barely misses the orc priest.
The orc priest begins to cast a cantrip, but forgets the words!
Your hound skeleton bites the orc priest.
The orc priest hits your hound skeleton with a +0 whip.
Your hound skeleton is destroyed!
Your orc skeleton hits the orc priest but does no damage.
The orc priest barely misses you.
Your orc skeleton closely misses the orc priest.
You feel a surge of power!
The orc priest barely resists.
The orc priest hits you with a +0 whip!
Your orc skeleton hits the orc priest.
You hit the orc priest.
The orc priest is almost dead.
The orc priest invokes the aid of Beogh against you.
You struggle to resist.
You closely miss the orc priest.
The orc priest is almost dead.
The orc priest mumbles some strange prayers to Beogh against you.
Beogh smites you!
* * * LOW HITPOINT WARNING * * *
Your orc skeleton closely misses the orc priest.
The orc priest mumbles some strange prayers to Beogh against you.
Beogh smites you!
You die...

.#.######......................##
......# ##<#+#####............##.
......# #.#.# #.##.........##.
......####.#.#####.##.........##.
....o......#.#...................
....Z..)...#.#.#..#####.#.....###
...#.......#...oZ.#.....+.....#
........####...#........#.....#
.........o..Z.o+@.......#.....#
........####...#........#.....#
...............#..#'###.#.....#
##.######....#.#.##.# #.#....)#
#. #..#........# #.#.....### #.
#.>#.#.#.#### #.#........
##.#...#... #.###...#..
#.#.#.#.#.# #.#####.#.#
#.#######.# #...#...#.#


You could see an orc priest (ally target) and a friendly orc skeleton.

Vanquished Creatures
  A hound (D:4)
  3 orc wizards (D:4)
  5 adders
  8 orcs
  6 endoplasms
  3 giant cockroaches
  8 goblins
  7 hobgoblins
  6 jackals (D:4)
  6 kobolds
  4 quokkas
  A ball python (D:3)
  A bat (D:3)
  2 frilled lizards
  3 rats
64 creatures vanquished.

Vanquished Creatures (collateral kills)
  An orc wizard (D:4)
  A goblin (D:4)
2 creatures vanquished.

Grand Total: 66 creatures vanquished

Notes
Turn   | Place    | Note
-------+----------+-------------------------------------------
     0 | D:1      | Milesaru the Vampire Necromancer began the quest for the
                  | Orb.
     0 | D:1      | Reached XP level 1. HP: 13/13 MP: 3/3
   292 | D:1      | Reached XP level 2. HP: 19/19 MP: 3/5
   372 | D:1      | Found a faded altar of an unknown god.
   608 | D:2      | Found Aniromur's Vocational Training.
   610 | D:2      | Found an iron altar of Okawaru.
   645 | D:2      | Reached skill level 5 in Necromancy
   706 | D:2      | You fall into a shaft and drop 1 floor!
   816 | D:3      | Gained mutation: You are afflicted with vampirism and can
                  | become a bat while bloodless. [Vampire growth]
   816 | D:3      | Reached XP level 3. HP: 24/24 MP: 3/6
  1193 | D:2      | Reached XP level 4. HP: 23/30 MP: 4/8
  1378 | D:2      | Learned a level 3 spell: Vampiric Draining
  1383 | D:2      | Learned a level 4 spell: Animate Dead
  2326 | D:4      | Reached skill level 6 in Necromancy
  2675 | D:4      | Reached XP level 5. HP: 33/35 MP: 5/9
  3025 | D:4      | Killed from afar by an orc priest

Illustrated notes

Levels and vault maps discovered:
D:1:      dpeg_arrival_fog, layout_rooms,
          hellmonk_ecumenical_altar_slurped_away, minmay_tromino_v4_b
D:2:      layout_basic, basic_altar, nicolae_shop_vocational
D:3:      layout_basic, serial_bayou_lake_a
D:4:      layout_basic

Skill      XL: |  1  2  3  4  5 |
---------------+----------------+-----
Necromancy     | 5 6 |  6.6
Spellcasting   | 3 |  3.5
Stealth        | 4 |  4.1
Dodging        | |  2.5

Action                     |  1- 3 |  4- 6 || total
---------------------------+-------+-------++-------
  Melee: Unarmed           |     1 |       ||     1
         Staff             |       |    50 ||    50
         Bite              |       |     3 ||     3
   Cast: Necrotise         |    52 |    65 ||   117
         Vampiric Draining |       |     3 ||     3
    Use: Scroll            |     1 |     4 ||     5
 Armour: Robe              |     5 |    55 ||    60
  Dodge: Dodged            |     8 |    64 ||    72

Table legend: (Time is in decaauts)
 A = Elapsed time spent in this place.
 B = Non-inter-level travel time spent in this place.
 C = Inter-level travel time spent in this place.
 D = Time resting spent in this place.
 E = Time spent auto-exploring this place.
 F = Levels seen in this place.
 G = Mean time per level.
                   A        B        C        D        E       F      G
               +--------+--------+--------+--------+--------+-----+--------+
         Total |   3055 |   3055 |      0 |    335 |   2006 |   4 |  763.8 |
       Dungeon |   3055 |   3055 |      0 |    335 |   2006 |   4 |  763.8 |
               +--------+--------+--------+--------+--------+-----+--------+

Top non-repeatable levels by time:
     D:3: 897 daAuts
     D:2: 798 daAuts
     D:4: 790 daAuts
     D:1: 569 daAuts
